Map: [ESL] Cosmic Sapphire

Players

MaxPax

  • Race: Protoss Protoss
  • Spawn Location: 11:00

goblin - Winner!

  • Race: Protoss Protoss
  • Spawn Location: 5:00

Event: DreamHack SC2 Masters 2022 Atlanta (Online)

VOD

Have the link to the VOD?

Description

Time

  • Played on: Sept. 29, 2022, noon
  • Length: 5:07

All games in this series

Show
View Real Time Build Order
Export as new Build Order

MaxPax Protoss 

Build Orders: 1 Gate Expand 

Get SALT Encoding   

  12  0:00  Probe  
  13  0:12  Probe  
  14  0:20  Pylon  
  14  0:24  Probe  
  15  0:38  Probe (Chrono Boost)  
  15  0:40  Gateway  
  16  0:47  Probe (Chrono Boost), Assimilator  
  17  0:52  Probe (Chrono Boost)  
  18  1:04  Probe  
  19  1:16  Probe  
  20  1:24  Nexus  
  20  1:35  Cybernetics Core  
  20  1:42  Zealot (Chrono Boost)  
  22  1:48  Pylon  
  22  1:51  Probe  
  23  2:00  Assimilator  
  23  2:06  Probe  
  24  2:09  Stalker (Chrono Boost)  
  24  2:14  Warp Gate  
  26  2:18  Probe  
  27  2:29  Stalker (Chrono Boost)  
  27  2:31  Probe  
  27  2:36  Probe  
  31  2:43  Probe  
  32  2:45  Robotics Facility  
  33  2:53  Stalker  
  33  2:57  Shield Battery  
  33  3:00  Probe  
  33  3:03  Probe  
  35  3:12  Probe  
  36  3:15  Probe  
  37  3:22  Gateway  
  37  3:23  Stalker (Chrono Boost)  
  39  3:31  Shield Battery  
  37  3:43  Immortal (Chrono Boost)  
  39  3:56  Shield Battery  
  39  3:57  Pylon  
  39  4:02  Sentry  
  41  4:13  Immortal (Chrono Boost)  
  41  4:16  Shield Battery  
  43  4:30  Stalker  
  40  4:31  Pylon  
  32  4:55  Stalker  
Show
View Real Time Build Order
Export as new Build Order

goblin Protoss - Winner!

Build Orders:  

Get SALT Encoding   

  12  0:00  Probe  
  13  0:12  Probe  
  14  0:17  Pylon  
  14  0:24  Probe (Chrono Boost)  
  15  0:36  Gateway, Probe (Chrono Boost)  
  16  0:44  Probe (Chrono Boost)  
  16  0:45  Assimilator  
  17  0:51  Probe  
  17  0:54  Assimilator  
  18  1:03  Probe  
  19  1:09  Gateway  
  19  1:15  Probe  
  20  1:23  Cybernetics Core  
  20  1:27  Probe  
  20  1:31  Pylon  
  21  1:39  Probe  
  22  1:50  Gateway  
  23  2:01  Stalker  
  25  2:02  Stalker  
  25  2:04  Warp Gate (Chrono Boost)  
  26  2:11  Pylon  
  26  2:29  Gateway  
  26  2:32  Stalker  
  26  2:36  Stalker  
  30  2:42  Pylon  
  30  3:14  Pylon  
  30  3:33  Stalker x3  
  30  3:34  Stalker, Pylon  
  38  3:36  Shield Battery  
  34  3:59  Stalker x3  
  40  4:07  Stalker  
  38  4:37  Stalker x3  
  38  4:59  Stalker  
  38  5:02  Stalker x2  
Tags
 
Add a new tag
Caveats
  • Supply blocks, unpowered buildings, or Contaminate may cause inaccurate times.
  • Supply counts are checked every 10 seconds.